 Dungeon Crawl Stone Soup version 0.23-a0-151-gf6d1ed2 (webtiles) character file.

1523 Amnesiac the Nimble (level 8, -1/37 HPs)
             Began as a Spriggan Transmuter on Sept 9, 2018.
             Was a Priest of Okawaru.
             Engulfed by a steam dragon's steam (9 damage)
             ... on level 6 of the Dungeon.
             The game lasted 00:14:08 (7352 turns).

Amnesiac the Nimble (Spriggan Transmuter)           Turns: 7352, Time: 00:14:09

Health: -1/37      AC:  4    Str:  8    XL:     8   Next: 54%
Magic:  13/17      EV: 26    Int: 14    God:    Okawaru [***...]
Gold:   288        SH:  3    Dex: 17    Spells: 6/18 levels left

rFire    . . .     SeeInvis +     - Unarmed
rCold    . . .     Gourm    .   (shield currently unavailable)
rNeg     . . .     Faith    .   b - +0 robe
rPois    .         Spirit   .   (helmet restricted)
rElec    .         Reflect  +   c - +1 cloak
rCorr    .         Harm     .   (gloves unavailable)
MR       +....                  (boots unavailable)
Stlth    ++........             g - +3 amulet of reflection
HPRegen  0.12/turn              (no ring)
MPRegen  0.15/turn              (no ring)

@: blade hands (expiring), very quick
A: very small, unfitting armour, see invisible, herbivore, speed 3, slow
metabolism 2
a: End Transformation, Heroism, Renounce Religion


You were on level 6 of the Dungeon.
You worshipped Okawaru.
Okawaru was most pleased with you.
You were not hungry.
You had blades for hands.
You visited 1 branch of the dungeon, and saw 6 of its levels.

You collected 288 gold pieces.

Inventory:

Missiles
 a - 49 arrows
Armour
 b - a +0 robe (worn)
 c - a +1 cloak (worn)
Jewellery
 g - a +3 amulet of reflection (around neck)
 u - an uncursed ring of protection from cold {unknown}
Wands
 l - a wand of random effects (20)
Scrolls
 e - 5 scrolls of fog {!r}
 f - a scroll of teleportation {!r}
 h - a scroll of remove curse {!r}
 n - a scroll of enchant armour {!r}
 q - 2 scrolls of enchant weapon {!r, unknown}
 r - a scroll of random uselessness {!r, unknown}
 v - a scroll of amnesia {!r, unknown}
Potions
 i - a potion of agility {!q}
 j - 2 potions of heal wounds {!q}
 k - a potion of lignification {!q}
 m - 2 potions of haste {!q}
 p - a potion of ambrosia {!q, unknown}
 s - a potion of curing {!q}
 t - a potion of resistance {!q}
Comestibles
 d - 11 rations


   Skills:
 - Level 1.0 Fighting
 - Level 10.0 Dodging
 + Level 4.0 Unarmed Combat
 + Level 5.9 Spellcasting
 * Level 7.5 Transmutations
 - Level 2.0 Invocations


You had 6 spell levels left.
You knew the following spells:

 Your Spells              Type           Power        Failure   Level  Hunger
a - Blade Hands           Tmut           ####......   63%         5    ######.
b - Sticks to Snakes      Tmut           ####....     16%         2    #......
c - Ice Form              Ice/Tmut       ##......     77%         4    ####...
d - Beastly Appendage     Tmut           ####..       13%         1    None

Your spell library contained the following spells:

 Spells                   Type           Power        Failure   Level  Hunger
 Spider Form              Tmut/Pois      ##........   47%         3    ###....


Dungeon Overview and Level Annotations

Branches:
Dungeon (6/15)             Temple (0/1) D:4

Altars:
Okawaru


Innate Abilities, Weirdness & Mutations

You are very small and have problems with some larger weapons.
You are too small for most types of armour.
You have supernaturally acute eyesight. (SInv)
You are a herbivore.
You cover ground extremely quickly.
You need to consume almost no food.


Message History

The scorpion closely misses you.
You slash the scorpion!
The scorpion is almost dead.
You slash the scorpion!
You kill the scorpion!
Okawaru accepts your kill.
Your Transmutations skill increases to level 7!
You now have 288 gold pieces (gained 4).
Your transformation is almost over.
Your hands revert to their normal proportions.
A steam dragon comes into view.
A steam dragon is nearby!
A steam dragon is nearby!
A steam dragon is nearby!
Casting: Blade Hands (quite dangerous; 26% risk of failure)
Confirm with . or Enter, or press ? or * to list all spells.
Your hands turn into razor-sharp scythe blades.
The steam dragon hisses angrily.
You slash the steam dragon!
The steam dragon is moderately wounded.
You hit the steam dragon but do no damage.
The steam dragon is moderately wounded.
The steam dragon completely misses you. The steam dragon misses you.
You slash the steam dragon!
The steam dragon is heavily wounded.
The steam dragon completely misses you. x2
You hit the steam dragon.
The steam dragon is severely wounded.
The steam dragon breathes steam at you. The ball of steam misses you.
You hear an angry hiss. x2
You barely miss the steam dragon.
The steam dragon is severely wounded.
The steam dragon closely misses you. The steam dragon misses you.
You slice the steam dragon!!
You kill the steam dragon!
Okawaru accepts your kill.
Your Unarmed Combat skill increases to level 4!
Your transformation is almost over.
A steam dragon comes into view.
You are engulfed in a cloud of scalding steam.
The steam dragon hisses angrily.
You see here a scroll of fog {!r}.
e - 5 scrolls of fog {!r} (gained 1)
You hit the steam dragon.
The steam dragon is moderately wounded.
The steam dragon closely misses you. The steam dragon barely misses you.
You hit the steam dragon.
The steam dragon is moderately wounded.
The steam dragon completely misses you. The steam dragon misses you.
You slash the steam dragon!
The steam dragon is severely wounded.
The steam dragon breathes steam at you. The ball of steam hits you!
Ouch! That really hurt!
* * * LOW HITPOINT WARNING * * *
You closely miss the steam dragon.
The steam dragon is severely wounded.
You are engulfed in a cloud of scalding steam.
* * * LOW HITPOINT WARNING * * *
You hit the steam dragon.
The steam dragon is almost dead.
You are engulfed in a cloud of scalding steam.
You die...

#.# #.#.# #.# #.#.# #
#.# #.#.# #≈ #.###.#.#
#§§ #..##.#.#
#§.#####.##.#.#######
#§....##..#..........
#≈....#§.#......#######
#≈.8.D@§.#......'......
#≈≈.§.#§.#......#######
##§≈.###.#.###### #..
##### #.#.. #.# #.#..
#[) #.#.. #..
#.....########.. ##..
#......... . #.#######.


You could see a steam dragon.

Vanquished Creatures
  Grinder (D:3)
  A steam dragon (D:6)
  Menkaure (D:5)
  2 ice beasts (D:4)
  A phantom (D:3)
  2 ogres
  A scorpion (D:6)
  A howler monkey (D:5)
  A crimson imp (D:5)
  3 orc priests
  A gnoll shaman (D:5)
  Terence (D:1)
  2 worker ants
  A hound skeleton (D:4)
  A worker ant zombie (D:5)
  Robin (D:4)
  7 gnolls
  7 adders
  2 oozes (D:4)
  3 worms
  3 dart slugs
  3 leopard geckos
  3 orcs
  4 bats
  4 giant cockroaches
  6 hobgoblins
  8 jackals
  2 quokkas
  A ball python (D:2)
  4 frilled lizards
  11 goblins
  A jackal zombie (D:5)
  4 kobolds (D:1)
  A leopard gecko skeleton (D:5)
  3 rats
98 creatures vanquished.

Vanquished Creatures (collateral kills)
  A gnoll sergeant (D:5)
  2 scorpions (D:4)
  2 orc priests (D:4)
  3 adders (D:4)
  A leopard gecko (D:4)
  3 orcs
  3 goblins
15 creatures vanquished.

Vanquished Creatures (others)
  8 toadstools (D:3)
8 creatures vanquished.

Grand Total: 121 creatures vanquished

Notes
Turn   | Place    | Note
-------+----------+-------------------------------------------
     0 | D:1      | Amnesiac the Spriggan Transmuter began the quest for the
                  | Orb.
     0 | D:1      | Reached XP level 1. HP: 9/9 MP: 5/5
    36 | D:1      | Reached skill level 1 in Fighting
   364 | D:1      | Reached XP level 2. HP: 10/14 MP: 3/6
   368 | D:1      | Learned a level 2 spell: Sticks to Snakes
  1257 | D:2      | Reached skill level 4 in Dodging
  1257 | D:2      | Reached XP level 3. HP: 3/18 MP: 0/8
  1667 | D:2      | Noticed Terence
  1699 | D:1      | Killed Terence
  1699 | D:1      | Reached skill level 5 in Dodging
  1832 | D:2      | Reached XP level 4. HP: 16/22 MP: 9/9
  1912 | D:2      | Learned a level 4 spell: Ice Form
  2430 | D:3      | Found an iron altar of Okawaru.
  2438 | D:3      | Became a worshipper of Warmaster Okawaru
  2479 | D:3      | Reached skill level 6 in Dodging
  2802 | D:4      | HP: 1/22 [orc priest/divine providence (13)]
  2802 | D:4      | Reached XP level 5. HP: 1/25 MP: 5/10
  3123 | D:4      | Found a transporter.
  3216 | D:4      | Noticed an ogre
  3236 | D:4      | Reached skill level 7 in Dodging
  3951 | D:4      | Found a staircase to the Ecumenical Temple.
  3980 | D:4      | Noticed Robin
  4006 | D:4      | Reached skill level 8 in Dodging
  4031 | D:4      | Killed Robin
  4042 | D:4      | Reached * piety under Okawaru
  4113 | D:4      | Noticed Grinder
  4122 | D:4      | Reached XP level 6. HP: 29/30 MP: 3/11
  4139 | D:5      | Entered Level 5 of the Dungeon
  4555 | D:4      | Reached skill level 9 in Dodging
  5086 | D:4      | Found a transporter.
  5200 | D:4      | Noticed an ice beast
  5200 | D:4      | Noticed an ice beast
  5275 | D:4      | Killed an ice beast
  5275 | D:4      | Reached skill level 1 in Invocations
  5275 | D:4      | Reached XP level 7. HP: 33/33 MP: 9/13
  5287 | D:4      | Reached ** piety under Okawaru
  5332 | D:5      | Noticed Menkaure
  5363 | D:4      | Reached skill level 10 in Dodging
  6598 | D:5      | Killed Menkaure
  6598 | D:5      | Reached skill level 5 in Transmutations
  6638 | D:5      | Reached XP level 8. HP: 35/37 MP: 16/16
  6793 | D:3      | Reached skill level 5 in Spellcasting
  6826 | D:3      | Paralysed by Grinder for 6 turns
  6832 | D:3      | Killed Grinder
  6832 | D:3      | Reached *** piety under Okawaru
  7200 | D:6      | Learned a level 5 spell: Blade Hands
  7352 | D:6      | Engulfed by a steam dragon's steam

Vault maps used:
D:1:      nagdon_arrival_zigzag_paths, dk_noncrumbling_2,
          kennysheep_nondescript, skrybe_limestone_x
D:2:      uniq_terence
D:3:      cheibrodos_fertilizer, kennysheep_okawaru_gauntlet
D:4:      gammafunk_cloud_chamber, minmay_temple_entry_purple_smoke, uniq_robin,
          uniq_grinder
D:5:      first_ration, uniq_menkaure
D:6:      cheibrodos_steamvent, gammafunk_ghost_cemetery,
          grunt_decor_one_mirror, uniq_edmund, uniq_duvessa

Skill      XL: |  1  2  3  4  5  6  7  8 |
---------------+-------------------------+-----
Fighting       | 1 |  1.0
Unarmed Combat | 3 4 |  4.0
Dodging        | 4 5 6 8 9 10 | 10.0
Spellcasting   | 3 4 5 |  5.9
Transmutations | 3 5 7 |  7.5
Invocations    | 1 2 |  2.0

Action                   |  1- 3 |  4- 6 |  7- 9 || total
-------------------------+-------+-------+-------++-------
Melee: Unarmed           |   109 |   235 |   175 ||   519
       Headbutt          |    13 |    17 |     8 ||    38
       Kick              |     5 |    22 |    19 ||    46
       Punch             |       |     2 |     2 ||     4
 Cast: Beastly Appendage |    21 |    27 |    20 ||    68
       Sticks to Snakes  |     6 |    25 |    10 ||    41
       Ice Form          |       |     1 |       ||     1
       Blade Hands       |       |       |     2 ||     2
Evoke: Wand              |       |    10 |    19 ||    29
  Use: Scroll            |     7 |     4 |       ||    11
       Potion            |       |     3 |       ||     3
 Stab: Sleeping          |     2 |     1 |       ||     3
       Distracted        |       |     3 |     1 ||     4
  Eat: Ration            |       |     5 |       ||     5
Armor: Robe              |     9 |    18 |     6 ||    33
       Skin              |       |     1 |       ||     1
Dodge: Dodged            |    94 |   186 |   131 ||   411
Block: Other             |     2 |    21 |    22 ||    45

Table legend:
 A = Non-vault XP
 B = Vault XP
 C = Vault XP percentage of total XP
 D = Non-vault monster count
 E = Vault monster count
 F = Vault count percentage of total count
                 A         B        C        D         E       F
            +---------+---------+-------+---------+---------+-------
      Total |    1220 |     956 |  43.9 |      92 |      21 |  18.6
            +---------+---------+-------+---------+---------+-------
        D:1 |      26 |      32 |  55.2 |      14 |       1 |   6.7
        D:2 |      49 |       0 |   0.0 |      13 |       0 |   0.0
        D:3 |     159 |     279 |  63.7 |      17 |       3 |  15.0
        D:4 |     448 |     289 |  39.2 |      27 |      15 |  35.7
        D:5 |     429 |     169 |  28.3 |      17 |       1 |   5.6
        D:6 |     109 |     187 |  63.2 |       4 |       1 |  20.0
            +---------+---------+-------+---------+---------+-------
